 Dungeon Crawl Stone Soup version 0.27.1-34-g3ba077fa99 (webtiles) character file.

Game seed: 16547810070861683867

1901 ticklebelly the Cleaver (level 8, -7/78 HPs)
             Began as a Minotaur Berserker on Jan 5, 2022.
             Was an Elder of Trog.
             Mangled by a boulder beetle (9 damage)
             ... on level 5 of the Dungeon.
             The game lasted 00:11:25 (6143 turns).

ticklebelly the Cleaver (Minotaur Berserker)        Turns: 6143, Time: 00:11:25

Health: -7/78      AC: 14    Str: 24    XL:     8   Next: 94%
Magic:  7/7        EV:  8    Int:  4    God:    Trog [****..]
Gold:   340        SH:  0    Dex: 10    Spells: 7/7 levels left

rFire    . . .     SeeInvis +   m - +0 hand axe (elec)
rCold    . . .     Faith    +   (no shield)
rNeg     . . .     Spirit   .   v - +0 plate armour
rPois    .         Reflect  .   (helmet restricted)
rElec    .         Harm     .   (no cloak)
rCorr    .         Rampage  .   (no gloves)
Will     .....                  k - +0 pair of boots
Stlth    ..........             a - amulet of faith
HPRegen  0.23/turn              u - ring of see invisible
MPRegen  0.10/turn              (no ring)

@: on berserk cooldown
A: horns 2, retaliatory headbutt
a: Renounce Religion, Berserk, Trog's Hand, Brothers in Arms


You were on level 5 of the Dungeon.
You worshipped Trog.
Trog was greatly pleased with you.
You visited 1 branch of the dungeon, and saw 6 of its levels.

You collected 340 gold pieces.

Inventory:

Hand Weapons
 m - a +0 hand axe of electrocution (weapon)
Missiles
 r - 3 silver javelins (quivered)
Armour
 k - a +0 pair of boots (worn)
 v - a +0 plate armour (worn)
Jewellery
 a - an amulet of faith (around neck)
 l - a ring of resist corrosion
 u - a ring of see invisible (left hand)
Wands
 b - a wand of acid (10)
Scrolls
 e - 5 scrolls of identify {unknown}
 g - 2 scrolls of teleportation {unknown}
 h - a scroll of noise {unknown}
 n - a scroll of summoning {unknown}
 p - 10 scrolls of enchant armour {unknown}
Potions
 c - a potion of attraction {unknown}
 d - a potion of ambrosia {unknown}
 f - 2 potions of heal wounds {unknown}
 j - 2 potions of degeneration {unknown}
 o - a potion of mutation {unknown}
 q - 3 potions of curing {unknown}
 s - a potion of brilliance {unknown}
 t - a potion of lignification {unknown}


   Skills:
 + Level 9.2 Fighting
 + Level 9.3 Axes
 + Level 7.0 Armour
 - Level 3.0 Dodging


You had 7 spell levels left.
You didn't know any spells.
Your spell library was empty.

Dungeon Overview and Level Annotations

Branches:
Dungeon (6/15)
 Temple: D:4-7

Altars:
Gozag
Makhleb
Okawaru
Ru
Vehumet

Shops:
D:3 :   D:4 :


Innate Abilities, Weirdness & Mutations

You have a pair of horns on your head.
You reflexively headbutt those who attack you in melee.


Message History

You hit the boulder beetle but do no damage.
The boulder beetle is moderately wounded.
The boulder beetle leaps!
You feel a strong urge to attack something.
The boulder beetle bites you!
You hit the boulder beetle but do no damage.
The boulder beetle is moderately wounded.
You are no longer berserk.
You are exhausted.
You feel yourself slow down.
You slash the boulder beetle!
You headbutt the boulder beetle, but do no damage.
The boulder beetle is heavily wounded.
The boulder beetle leaps!
The boulder beetle leaps!
The boulder beetle curls into a ball and begins rolling!
You feel the effects of Trog's Hand fading.
The boulder beetle hits you!
The boulder beetle stops rolling and uncurls.
The boulder beetle bites you!
You hit the boulder beetle.
The boulder beetle is moderately wounded.
The boulder beetle leaps!
Your skin stops crawling.
You feel less strong-willed.
There is a stone staircase leading up here.
The boulder beetle curls into a ball and begins rolling!
The boulder beetle hits you!!!
Ouch! That really hurt!
* * * LOW HITPOINT WARNING * * *
The boulder beetle stops rolling and uncurls.
The boulder beetle bites you!
* * * LOW HITPOINT WARNING * * *
The boulder beetle bites you.
* * * LOW HITPOINT WARNING * * *
You climb upwards.
You feel yourself speed up.
There is a stone staircase leading down here.
The boulder beetle completely misses you.
The boulder beetle bites you!
You die...

.#.#.# ######## .....# #......#
.#†########### #......#
.............# #......#
.#.#.........# #......#
...#.###########......#
###########....<.....>#########
.........................>....#
...######......#@.............#
...# #.....>B..............#
.#### ###.....................#
....# #.............#..(......#
# ....#
#...........#.#.........# #
....# #.........#.#.#.........#
# ....#
#.........#.#.#.........# #
....#
#.........#.#'#.........###
....#
########...................


You could see a boulder beetle.

Vanquished Creatures
  Eustachio (D:6)
  3 yaks (D:6)
  A sky beast (D:6)
  A centaur (D:6)
  A phantom (D:4)
  Blork the orc (D:6)
  A bullfrog (D:4)
  3 scorpions (D:5)
  A water moccasin zombie (D:5)
  A howler monkey (D:5)
  A centaur zombie (D:6)
  A gnoll shaman (D:4)
  2 hounds
  3 jellies (D:6)
  An orc priest (D:6)
  A bullfrog skeleton (D:4)
  Jessica (D:2)
  2 iguanas
  4 orc wizards
  A hound zombie (D:5)
  3 hound skeletons
  7 adders
  A dart slug (D:2)
  13 orcs
  5 endoplasms
  3 giant cockroaches
  8 goblins
  12 hobgoblins
  14 jackals
  6 kobolds
  4 quokkas
  12 ball pythons
  4 bats
  3 frilled lizards (D:1)
  A jackal skeleton (D:4)
  5 rats
132 creatures vanquished.

Vanquished Creatures (others)
  A fungus (D:1)
  A plant (D:1)
2 creatures vanquished.

Grand Total: 134 creatures vanquished

Notes
Turn   | Place    | Note
-------+----------+-------------------------------------------
     0 | D:1      | ticklebelly the Minotaur Berserker began the quest for the
                  | Orb.
     0 | D:1      | Reached XP level 1. HP: 19/19 MP: 0/0
   428 | D:1      | Reached XP level 2. HP: 18/27 MP: 1/1
   724 | D:1      | Found a faded altar of an unknown god.
   847 | D:1      | Reached ** piety under Trog
   946 | D:1      | Reached XP level 3. HP: 29/34 MP: 2/2
  1956 | D:2      | Found a burning altar of Makhleb.
  2293 | D:2      | Reached XP level 4. HP: 38/41 MP: 3/3
  2297 | D:2      | Reached skill level 5 in Fighting
  2297 | D:2      | Reached skill level 5 in Axes
  2414 | D:2      | Noticed Jessica
  2417 | D:2      | Killed Jessica
  2512 | D:3      | Found Rosip's Book Shoppe.
  2594 | D:3      | Reached *** piety under Trog
  2774 | D:3      | Reached XP level 5. HP: 48/48 MP: 4/4
  3098 | D:4      | Noticed a phantom
  3107 | D:4      | Killed a phantom
  3108 | D:4      | Reached XP level 6. HP: 39/58 MP: 5/5
  3577 | D:4      | Found an iron altar of Okawaru.
  3643 | D:4      | Found Lihing's Book Emporium.
  3995 | D:5      | Entered Level 5 of the Dungeon
  4000 | D:5      | Reached **** piety under Trog
  4033 | D:5      | Reached XP level 7. HP: 64/64 MP: 6/6
  4584 | D:5      | Found an opulent altar of Gozag.
  4913 | D:6      | Noticed a yak
  4913 | D:6      | Noticed a yak
  4913 | D:6      | Noticed a yak
  4917 | D:6      | Noticed Eustachio
  4920 | D:6      | Killed a yak
  4926 | D:6      | Killed a yak
  4927 | D:6      | Reached skill level 5 in Armour
  4927 | D:6      | Reached XP level 8. HP: 67/74 MP: 7/7
  4940 | D:6      | Killed Eustachio
  5064 | D:6      | Found a radiant altar of Vehumet.
  5461 | D:6      | Noticed Blork the orc
  5467 | D:6      | Killed Blork the orc
  5467 | D:6      | Reached ***** piety under Trog
  5670 | D:6      | Identified the +8 trident of the Two Names {vorpal, rN+}
  5713 | D:6      | Found a sacrificial altar of Ru.
  5719 | D:6      | Noticed a boulder beetle
  6139 | D:6      | HP: 1/78 [boulder beetle (6)]
  6143 | D:5      | Mangled by a boulder beetle

Illustrated notes

Levels and vault maps discovered:
D:1:      dpeg_arrival_chambers_temple_mockup, layout_basic,
          shapermc_ecumenical_altar_ellora
D:2:      layout_loops_ring, basic_altar, hangedman_decor_peaks_small,
          uniq_jessica
D:3:      layout_rooms, serial_shops, nicolae_shop_waterfront
D:4:      layout_gridville, kennysheep_little_box, serial_shops,
          nicolae_shop_crystal, minmay_close_crescents
D:5:      cheibrodos_helix_gallery, layout_basic, grunt_gozag_breadcrumbs
D:6:      layout_rooms, vehumet_crystals, overflow_temple_1_default,
          amcnicky_mini_rare_corridor_liquid, uniq_eustachio, uniq_blork_the_orc

Skill      XL: |  1  2  3  4  5  6  7  8 |
---------------+-------------------------+-----
Fighting       | 4 5 6 8 9 |  9.2
Axes           | 4 5 6 8 9 |  9.3
Armour         | 3 5 7 |  7.0
Dodging        | 3 |  3.0

Action                   |  1- 3 |  4- 6 |  7- 9 || total
-------------------------+-------+-------+-------++-------
Melee: Hand axe          |    89 |   108 |   122 ||   319
       Headbutt          |    18 |    16 |    23 ||    57
Throw: Javelin           |       |       |     8 ||     8
Invok: Berserk           |     1 |     1 |     1 ||     3
       Trog's Hand       |       |       |     1 ||     1
Armor: Animal skin       |     9 |       |       ||     9
       Ring mail         |     2 |    41 |    27 ||    70
       Leather armour    |     1 |       |       ||     1
       Plate armour      |       |       |     1 ||     1
Dodge: Dodged            |    52 |    55 |    56 ||   163
